 Dungeon Crawl Stone Soup version 0.29-a0-323-g050149af67 (webtiles) character file.

Game seed: 4763111314329560631

24638 spaghetti the Warrior (level 12, -5/169 HPs)
             Began as a Demonspawn Berserker on Apr 10, 2022.
             Was a High Priest of Trog.
             Slain by a cane toad (26 damage)
             ... on level 2 of the Lair of Beasts.
             The game lasted 00:29:19 (17168 turns).

spaghetti the Warrior (Demonspawn Berserker)       Turns: 17168, Time: 00:29:20

Health: -5/169     AC: 13    Str: 25    XL:     12   Next: 82%
Magic:  12/12      EV: 16    Int:  7    God:    Trog [*****.]
Gold:   277        SH:  0    Dex: 23    Spells: 11/11 levels left

rFire   + . .      SeeInvis .   v - +3 dagger (chaos) {short}
rCold   + . .      Faith    .   (no shield)
rNeg    . . .      Spirit   .   D - +3 ring mail of Activism {rF+ Will++ rCorr Int-2 Dex+3}
rPois   .          Reflect  .   G - +0 hat "Neabex" {+Blink rElec rC+ Str+2}
rElec   +          Harm     .   s - +0 cloak
rCorr   +          Rampage  .   M - +0 pair of gloves
Will    ++...                   E - +0 pair of boots
Stlth   ..........              (no amulet)
HPRegen 0.38/turn               a - +4 ring of evasion
MPRegen 0.13/turn               f - +6 ring of strength

@: berserking, lethally poisoned (-5 -> -47), very quick
A: demonic guardian 1, spiny 2, sharp scales 2, weakness stinger 1, hooves 1,
agile 1
a: Renounce Religion, Evoke Blink, Berserk, Trog's Hand, Brothers in Arms


You were on level 2 of the Lair of Beasts.
You worshipped Trog.
Trog was extremely pleased with you.
You visited 2 branches of the dungeon, and saw 13 of its levels.

You collected 687 gold pieces.
You spent 410 gold pieces at shops.


Innate Abilities, Weirdness & Mutations

A weak demonic guardian rushes to your aid.
You are mostly covered in sharp spines.
You are mostly covered in razor-sharp scales. (AC +2, Slay +2)
You have a small tail.
You have large cloven feet.
You are agile. (Dex +2)


   Skills:
 + Level 16.9 Fighting
 - Level 11.0(11.2) Short Blades
 - Level 2.9(7.6) Long Blades
 - Level 1.7 Armour
 - Level 1.7 Dodging
 - Level 8.0 Stealth


You had 11 spell levels left.
You didn't know any spells.
Your spell library contained the following spells:

 Spells                   Type           Power      Damage    Failure   Level
 Shock                    Conj/Air       0%         1d3       56%         1
 Summon Small Mammal      Summ           0%         N/A       56%         1
 Blink                    Tloc           0%         N/A       71%         2
 Call Canine Familiar     Summ           0%         N/A       91%         3
 Dazzling Flash           Conj/Hex       0%         N/A       91%         3
 Lesser Beckoning         Tloc           0%         N/A       91%         3
 Mephitic Cloud           Conj/Pois/Air  0%         N/A       91%         3
 Summon Guardian Golem    Hex/Summ       0%         N/A       91%         3
 Swiftness                Air            0%         N/A       91%         3
 Airstrike                Air            0%         N/A       100%        4
 Agony                    Necr           0%         N/A       100%        5
 Lee's Rapid Deconstruct  Erth           0%         3d5*      100%        5
 Manifold Assault         Tloc           0%         N/A       100%        5
 Silence                  Hex/Air        0%         N/A       100%        5
 Borgnjor's Revivificati  Necr           0%         N/A       100%        8
 Necromutation            Tmut/Necr      0%         N/A       100%        8
 Death's Door             Necr           0%         N/A       100%        9

Inventory:

Hand Weapons
 g - a +1 dagger of speed {short}
   (You took it off a kobold on level 1 of the Dungeon)
 v - a +3 dagger of chaos (weapon) {short}
   (You took it off a crimson imp on level 3 of the Dungeon)
Missiles
 d - 3 atropa-tipped darts {throwing}
 e - 106 stones (quivered) {throwing}
 x - 2 throwing nets {=f!fthrowing}
 z - 18 poisoned darts {throwing}
 X - 3 silver javelins {throwing}
Armour
 s - a +0 cloak (worn)
   (You took it off Crazy Yiuf on level 2 of the Dungeon)
 D - the +3 ring mail of Activism (worn) {rF+ Will++ rCorr Int-2 Dex+3}
   (You bought it in a shop on level 5 of the Dungeon)

   Int:       It affects your intelligence (-2).
   Dex:       It affects your dexterity (+3).
   rF:        It protects you from fire.
   rCorr:     It protects you from acid and corrosion.
   Will:      It greatly increases your willpower.
 E - a +0 pair of boots (worn)
   (You found it on level 6 of the Dungeon)
 G - the +0 hat "Neabex" (worn) {+Blink rElec rC+ Str+2}
   (You found it on level 6 of the Dungeon)

   Str:       It affects your strength (+2).
   rC:        It protects you from cold.
   rElec:     It insulates you from electricity.
   +Blink:    It lets you blink.
 M - a +0 pair of gloves (worn)
   (You found it on level 10 of the Dungeon)
Jewellery
 a - a +4 ring of evasion (left hand)
   (You found it on level 7 of the Dungeon)
 f - a +6 ring of strength (right hand)
   (You found it on level 7 of the Dungeon)
 l - a ring of resist corrosion
   (You found it on level 2 of the Dungeon)
 y - a ring of flight
   (You found it on level 4 of the Dungeon)
 A - a ring of see invisible
   (You found it on level 4 of the Dungeon)
 N - a ring of magical power
   (You found it on level 2 of the Lair of Beasts)
 O - a ring of positive energy
   (You found it on level 10 of the Dungeon)
 U - a ring of ice
   (You found it on level 10 of the Dungeon)
 V - a ring of poison resistance
   (You found it on level 1 of the Lair of Beasts)
Wands
 h - a wand of flame (43)
   (You took it off Ijyb on level 2 of the Dungeon)
 q - a wand of mindburst (12)
   (You took it off Amaemon on level 8 of the Dungeon)
 t - a wand of paralysis (4)
   (You found it on level 8 of the Dungeon)
 C - a wand of polymorph (5)
   (You found it on level 5 of the Dungeon)
 F - a wand of digging (7)
   (You took it off Nergalle on level 2 of the Lair of Beasts)
 H - a wand of iceblast (14)
   (You found it on level 6 of the Dungeon)
Scrolls
 b - a scroll of fog
 c - 3 scrolls of identify {@r1}
 j - a scroll of enchant armour
 m - 3 scrolls of teleportation {@r4}
 o - 3 scrolls of fear
 p - 3 scrolls of immolation {!r!r}
 r - 4 scrolls of noise {!r}
 w - 6 scrolls of amnesia
 K - a scroll of torment {!r}
 L - a scroll of magic mapping {!r}
 P - a scroll of enchant weapon
Potions
 i - a potion of magic
 k - 3 potions of brilliance
 n - a potion of heal wounds {@q2}
 u - 5 potions of curing {@q1}
 B - 2 potions of haste {@q3}
 I - 2 potions of flight
 J - a potion of might
 Y - 9 potions of ambrosia
 Z - a potion of mutation {!q}
Miscellaneous
 Q - a tin of tremorstones (2/2) {throwing}
   (You found it on level 10 of the Dungeon)
 T - a piece from Xom's chessboard (15/15)
   (You found it on level 10 of the Dungeon)

Dungeon Overview and Level Annotations

Branches:
Dungeon (10/15)            Temple (0/1) D:5            Lair (3/6) D:10
  Swamp: Lair:2-4    Shoals: Lair:2-4     Snake: Lair:2-4    Spider: Lair:2-4
    Orc: D:9-12

Altars:
Cheibriados
Elyvilon
Qazlal
Uskayaw
Xom
Yredelemnul
Zin
The Shining One

Shops:
D:5 :[*=*   D:8 *   D:10 !

Annotations:
D:9 exclusion: ice statue
D:10 2 runed translucent doors, Lodul

#.####...................
### #...................
##..................
#..............##..
#.............##
#..............#
#P..######.....## #...
##.F..# #..# #@†..# ##.
#.....# .. #5....#
#....## ....... #.......
#........ .........


You could see a cane toad (berserk, fast) and a friendly iron imp (summoned).


Message History

You are too injured to fight recklessly!
You are too injured to fight recklessly!
You are too injured to fight recklessly!
You are too injured to fight recklessly!
You are too injured to fight recklessly!
You are too injured to fight recklessly!
You are too injured to fight recklessly!
You are too injured to fight recklessly!
You are too injured to fight recklessly!
You are too injured to fight recklessly!
You are too injured to fight recklessly!
You are too injured to fight recklessly!
There are monsters nearby!
The cane toad croaks.
You hit the komodo dragon. You drain the komodo dragon.
You tail-slap the komodo dragon, but do no damage.
The komodo dragon completely misses you.
You barely miss the komodo dragon.
You tail-slap the komodo dragon, but do no damage. 😕 HP[+1]
You hit the komodo dragon but do no damage.
You tail-slap the komodo dragon, but do no damage.
The komodo dragon closely misses you.
You hit the komodo dragon but do no damage.
The komodo dragon is poisoned.
You hit the komodo dragon. You burn the komodo dragon.
The komodo dragon is struck by your spines.
The komodo dragon misses you.
You hit the komodo dragon. The cane toad closely misses you.
You hit the komodo dragon.
The komodo dragon resists with almost no effort.
The komodo dragon is struck by your spines.
You kill the komodo dragon!
Trog accepts your kill.
You hit the cane toad.
The cane toad goes berserk!
The cane toad stings you!
You are poisoned.
The cane toad poisons you! 😕 HP[-17]
You take 17 damage, and now have 89/113 hp.
Unknown command.
Unknown command.
You barely miss the cane toad.
You feel very sick. The cane toad is struck by your spines.
The cane toad stings you but does no damage. 😕 HP[-3]
You take 3 damage, and now have 86/113 hp.
You hit the cane toad.
You feel very sick.
The cane toad barely misses you. 😮 HP[-2]
You take 2 damage, and now have 84/113 hp.
You hit the cane toad.
The cane toad seems to speed up.
You tail-slap the cane toad, but do no damage.
You feel sick. The cane toad is struck by your spines.
The cane toad stings you but does no damage. 😮 HP[-2]
You take 2 damage, and now have 82/113 hp.
Unknown command.
Unknown command.
You hit the cane toad.
You feel sick.
The cane toad stings you but does no damage. 😮 HP[-2]
You take 2 damage, and now have 80/113 hp.
You hit the cane toad.
You feel sick. The cane toad is struck by your spines.
The cane toad barely misses you. The cane toad stings you!!
* * * LOW HITPOINT WARNING * * *
😨 HP[-27]
You take 27 damage, and now have 53/113 hp.
MASSIVE DAMAGE!! (PAUSE)
A red film seems to cover your vision as you go berserk!
You feel yourself moving faster!
You feel mighty!
You feel very sick. The cane toad closely misses you.
The cane toad stings you!!
* * * LOW HITPOINT WARNING * * *
😨 HP[-4]
You now have 169 max hp (+56).
You puncture the cane toad! You burn the cane toad.
Your tail-slap misses the cane toad.
You feel sick. The cane toad stings you!
* * * LOW HITPOINT WARNING * * *
You are more poisoned.
The cane toad poisons you! The cane toad stings you!
* * * LOW HITPOINT WARNING * * *
A demonic guardian appears!
You are more poisoned.
The cane toad poisons you! 😱 HP[-25]
You take 25 damage, and now have 24/169 hp.
Unknown command.
Unknown command.
You puncture the cane toad!
You kill the cane toad!
Trog accepts your kill.
* * * LOW HITPOINT WARNING * * *
You feel very sick. The cane toad stings you!!
You die...

Skill      XL: |  1  2  3  4  5  6  7  8  9 10 11 12 |
---------------+-------------------------------------+-----
Short Blades   | 1 2 3 11 | 11.0
Fighting       | 4 6 7 11 14 16 | 16.9
Stealth        | 2 5 8 |  8.0
Long Blades    | |  2.9
Armour         | |  1.7
Dodging        | |  1.7

Action                   |  1- 3 |  4- 6 |  7- 9 | 10-12 || total
-------------------------+-------+-------+-------+-------++-------
Melee: Dagger            |    96 |   183 |   336 |   636 ||  1251
       Falchion          |     8 |       |       |       ||     8
       Tailslap          |     2 |    17 |    67 |   140 ||   226
       Punch             |     1 |     2 |     5 |    18 ||    26
Throw: Dart              |     3 |       |       |       ||     3
       Stone             |     9 |   118 |   126 |   241 ||   494
Invok: Berserk           |       |     4 |     7 |    16 ||    27
       Trog's Hand       |       |       |     1 |     1 ||     2
Evoke: Wand              |       |       |       |     1 ||     1
  Use: Potion            |     5 |     1 |     5 |     1 ||    12
       Scroll            |       |       |    12 |     2 ||    14
 Stab: Sleeping          |     1 |     1 |       |     4 ||     6
       Distracted        |     1 |       |     1 |     1 ||     3
       Paralysed         |       |       |       |     2 ||     2
       Confused          |       |       |       |     1 ||     1
Armor: Animal skin       |    14 |    10 |     9 |       ||    33
       Ring mail         |       |       |    53 |   151 ||   204
Dodge: Dodged            |    37 |    29 |    97 |   313 ||   476

Levels and vault maps discovered:
D:1:      kennysheep_arrival_forest, layout_basic
D:2:      kennysheep_the_goblin_king, layout_rooms,
          dilly_ecumenical_altar_fadedgnrine, guppyfry_early_lair_pool,
          uniq_crazy_yiuf_cottage
D:3:      layout_basic, led_xom_imps
D:4:      layout_basic, mrwooster_statue_mirror, minmay_close_crescents
D:5:      layout_loops_ring, lemuel_temple_firewalk_b, gup_sewer_entry_glass,
          serial_shops, shop_fountains, shop, shop_statue, shop, shop,
          dreamdust_gnoll_farm, uniq_prince_ribbit1
D:6:      layout_cave_pods, mainiacjoe_overflow_tiny_flanked,
          general_overflow_altar, kennysheep_flooded_box
D:7:      layout_cave_pods, mainiacjoe_overflow_paths,
          mainiacjoe_overflow_boulevard
D:8:      layout_basic, nicolae_yredelemnul_corpse_copse, serial_shops, shop,
          minmay_misc_feat_chi, chequers_serial_rivers_micro_e, minivault_21,
          sword_in_stone, uniq_amaemon
D:9:      cheibrodos_frozen_isle, layout_cave_pools, evilmike_minifort,
          uniq_gastronok
D:10:     layout_irregular_city, old_standard_altar, erik_lair_island,
          serial_shops, kennysheep_little_box, minmay_hollow_rounded_squares,
          uniq_grum, uniq_fannar, uniq_lodul
Lair:1:   layout_cave_pods, special_room [special_room_bee]
Lair:2:   layout_chaotic_city, beast_lair_carwin_6, uniq_nergalle, uniq_erica
Lair:3:   layout_roguey, shoals_dummy_entry, minmay_snake_entry_six_corridors,
          nicolae_lair_lil_pond

Notes
Turn   | Place    | Note
-------+----------+-------------------------------------------
     0 | D:1      | spaghetti the Demonspawn Berserker began the quest for the
                  | Orb.
     0 | D:1      | Reached XP level 1. HP: 18/18 MP: 1/1
     0 | D:1      | magus.rc [v1.9.6]
   183 | D:1      | Reached skill level 1 in Short Blades
   187 | D:1      | Gained mutation: You are partially covered in sharp spines.
                  | [demonic ancestry]
   187 | D:1      | Reached XP level 2. HP: 17/24 MP: 2/2
   339 | D:1      | You pick up a book of Callings {forbidden} and begin
                  | reading...
   339 | D:1      | You add the spells Summon Small Mammal, Call Canine
                  | Familiar and Summon Guardian Golem to your library.
  1033 | D:2      | Reached skill level 2 in Short Blades
  1059 | D:2      | HP: 5/24 [something (2)]
  1077 | D:2      | Gained mutation: You have a small tail. [demonic ancestry]
  1077 | D:2      | Reached XP level 3. HP: 11/29 MP: 3/3
  1314 | D:2      | Reached skill level 3 in Short Blades
  1496 | D:2      | Reached ** piety under Trog
  1497 | D:2      | Gained mutation: A weak demonic guardian rushes to your
                  | aid. [demonic ancestry]
  1497 | D:2      | Reached XP level 4. HP: 27/35 MP: 4/4
  1726 | D:2      | Found a runed translucent door.
  1727 | D:2      | Noticed Crazy Yiuf
  1770 | D:2      | Noticed Ijyb
  1793 | D:2      | Identified a potion of experience
  1793 | D:2      | Reached skill level 11 in Short Blades
  1793 | D:2      | Reached XP level 5. HP: 14/41 MP: 5/5
  1794 | D:2      | HP: 13/61 [Ijyb/+0 club (6)]
  1795 | D:2      | Killed Ijyb
  2184 | D:2      | You fall into a shaft and drop 1 floor!
  2496 | D:2      | Found a faded altar of an unknown god.
  2711 | D:2      | Killed Crazy Yiuf
  3100 | D:3      | Found a shimmering altar of Xom.
  3123 | D:3      | Reached XP level 6. HP: 44/47 MP: 6/6
  3171 | D:3      | Reached skill level 4 in Fighting
  3832 | D:4      | Gained mutation: You are partially covered in razor-sharp
                  | scales. (AC +1, Slay +1) [demonic ancestry]
  3832 | D:4      | Reached XP level 7. HP: 47/55 MP: 7/7
  4162 | D:4      | Reached skill level 5 in Fighting
  4765 | D:5      | Entered Level 5 of the Dungeon
  4845 | D:5      | Found a staircase to the Ecumenical Temple.
  4930 | D:5      | Found Uzarghi's Assorted Antiques.
  5046 | D:5      | Reached skill level 6 in Fighting
  5698 | D:5      | Noticed Prince Ribbit
  5712 | D:5      | Killed Prince Ribbit
  5713 | D:5      | Reached skill level 2 in Stealth
  5713 | D:5      | Reached XP level 8. HP: 55/64 MP: 8/8
  5920 | D:5      | Found Ingizam's Antique Armour Shoppe.
  5928 | D:5      | Bought a bronze ring mail for 180 gold pieces
  5928 | D:5      | Identified the +3 ring mail of Activism {rF+ Will++ rCorr
                  | Int-2 Dex+3} (You bought it in a shop on level 5 of the
                  | Dungeon)
  5963 | D:5      | Reached skill level 3 in Stealth
  6020 | D:5      | Found Moatrad's Book Emporium.
  6071 | D:5      | Found Qul Om Qim's Assorted Antiques.
  6080 | D:5      | Found Poymut's Jewellery Shoppe.
  6322 | D:6      | Reached skill level 4 in Stealth
  6384 | D:6      | Reached skill level 5 in Stealth
  6405 | D:6      | Reached *** piety under Trog
  6411 | D:6      | Gained mutation: You are mostly covered in razor-sharp
                  | scales. (AC +2, Slay +2) [demonic ancestry]
  6411 | D:6      | Reached XP level 9. HP: 32/69 MP: 9/9
  6641 | D:6      | You pick up a book of Spatial Translocations {forbidden}
                  | and begin reading...
  6641 | D:6      | You add the spells Blink, Lesser Beckoning and Manifold
                  | Assault to your library.
  6860 | D:6      | Reached skill level 6 in Stealth
  6955 | D:5      | Bought a runed helmet for 150 gold pieces
  6975 | D:6      | Found a snail-covered altar of Cheibriados.
  7238 | D:6      | Identified the +0 hat "Neabex" {+Blink rElec rC+ Str+2}
  7778 | D:7      | Noticed a boulder beetle
  7789 | D:7      | HP: 22/103 [boulder beetle (21)]
  8287 | D:6      | HP: 17/69 [boulder beetle (1)]
  8607 | D:7      | Reached skill level 7 in Stealth
  9104 | D:7      | Found a hide-covered altar of Uskayaw.
  9581 | D:8      | Noticed Amaemon
  9581 | D:8      | Noticed an orange demon
  9588 | D:8      | Killed an orange demon
  9589 | D:8      | Reached skill level 8 in Stealth
  9618 | D:8      | Killed Amaemon
  9619 | D:8      | Reached skill level 7 in Fighting
  9619 | D:8      | Reached XP level 10. HP: 47/79 MP: 10/10
 10153 | D:8      | Reached skill level 8 in Fighting
 10158 | D:8      | Found Febo Usu's General Store.
 10461 | D:8      | Found a basalt altar of Yredelemnul.
 10747 | D:8      | Noticed a two-headed ogre
 10760 | D:8      | Killed a two-headed ogre
 10761 | D:8      | Reached skill level 9 in Fighting
 10764 | D:8      | You pick up a book of the Senses {forbidden} and begin
                  | reading...
 10764 | D:8      | You add the spells Dazzling Flash, Agony and Silence to
                  | your library.
 11236 | D:9      | Noticed an ice statue
 11337 | D:9      | Reached **** piety under Trog
 11822 | D:9      | Reached skill level 10 in Fighting
 11956 | D:9      | Noticed a two-headed ogre
 11968 | D:9      | Killed a two-headed ogre
 12261 | D:10     | Entered Level 10 of the Dungeon
 12281 | D:10     | Noticed a deep elf pyromancer
 12295 | D:10     | Killed a deep elf pyromancer
 12296 | D:10     | Reached skill level 11 in Fighting
 12296 | D:10     | Reached XP level 11. HP: 93/93 MP: 11/11
 12375 | D:10     | Noticed a two-headed ogre
 12375 | D:10     | Noticed Lodul
 12704 | D:10     | Found a stormy altar of Qazlal.
 12815 | D:10     | Found a large runed translucent door.
 12815 | D:10     | Found a large runed translucent door.
 12825 | D:10     | Noticed a centaur warrior
 12828 | D:10     | Found a large runed translucent door.
 12828 | D:10     | Found a large runed translucent door.
 12837 | D:10     | Killed a centaur warrior
 12843 | D:10     | Reached skill level 12 in Fighting
 12959 | D:10     | Noticed Grum
 12977 | D:10     | Killed Grum
 13212 | D:10     | Noticed Fannar
 13238 | D:10     | HP: 19/96 [something (6)]
 13244 | D:10     | HP: 24/144 [something (3)]
 13250 | D:10     | Killed Fannar
 13564 | D:10     | Found a staircase to the Lair.
 13602 | D:10     | Reached skill level 13 in Fighting
 13608 | D:10     | Identified the +5 robe of the Blizzard {Contam rF+ SInv}
 13608 | D:10     | Noticed a centaur warrior
 13626 | D:10     | Killed a centaur warrior
 13756 | D:10     | Noticed a two-headed ogre
 13759 | D:10     | Killed a two-headed ogre
 13767 | D:10     | Noticed a boulder beetle
 13797 | D:10     | Killed a boulder beetle
 13819 | D:10     | Reached skill level 14 in Fighting
 13820 | D:10     | HP: 19/100 [manticore (9)]
 13825 | D:10     | HP: 7/100 [manticore (11)]
 14176 | D:10     | You add the spells Mephitic Cloud, Airstrike and Lee's
                  | Rapid Deconstruction to your library.
 14176 | D:10     | Got Xoujo's Catalogue of Dusty Flight {forbidden}
 14233 | D:10     | Found Dusac's Distillery.
 14256 | D:10     | Killed a two-headed ogre
 14431 | D:10     | Bought a potion of mutation for 80 gold pieces
 14431 | D:10     | Gained mutation: You are agile. (Dex +2) [potion of
                  | mutation]
 14431 | D:10     | Gained mutation: You have large cloven feet. [potion of
                  | mutation]
 14463 | D:10     | Gained mutation: You are mostly covered in sharp spines.
                  | [demonic ancestry]
 14463 | D:10     | Reached XP level 12. HP: 79/102 MP: 12/12
 14640 | D:10     | Noticed a two-headed ogre
 14658 | D:10     | Killed a two-headed ogre
 14823 | Lair:1   | Entered Level 1 of the Lair of Beasts
 14853 | Lair:1   | Noticed a seven-headed hydra
 14862 | Lair:1   | Noticed a six-headed hydra
 14864 | Lair:1   | Killed a seven-headed hydra
 14875 | Lair:1   | Killed a six-headed hydra
 14876 | Lair:1   | Reached skill level 15 in Fighting
 15045 | Lair:1   | Identified the +1 ring mail "Sepokk" {rN+ Will- Dex+3}
 15314 | Lair:1   | You add the spells Borgnjor's Revivification, Necromutation
                  | and Death's Door to your library.
 15336 | Lair:1   | You pick up a book of Air {forbidden} and begin reading...
 15336 | Lair:1   | You add the spells Shock and Swiftness to your library.
 16491 | Lair:2   | Reached skill level 16 in Fighting
 16771 | Lair:2   | Identified a +2 robe of the Archmagi
 16771 | Lair:2   | Noticed Nergalle
 16776 | Lair:2   | Killed Nergalle
 16820 | Lair:2   | Noticed a four-headed hydra
 16834 | Lair:2   | Killed a four-headed hydra
 16978 | Lair:2   | Noticed Erica
 16985 | Lair:2   | Killed Erica
 17013 | Lair:2   | Reached ***** piety under Trog
 17167 | Lair:2   | HP: 36/169 [cane toad (12)]
 17168 | Lair:2   | Slain by a cane toad

Vanquished Creatures
  Fannar (D:10)
  A boulder beetle (D:10)
  3 hydras
  5 two-headed ogres
  2 centaur warriors (D:10)
  Erica (Lair:2)
  Nergalle (Lair:2)
  Amaemon (D:8)
  A deep elf pyromancer (D:10)
  A cyclops (D:10)
  A black mamba (Lair:2)
  An orange demon (D:8)
  3 komodo dragons (Lair:2)
  4 cane toads
  A kobold demonologist (D:10)
  A queen bee (Lair:1)
  A wind drake (shapeshifter) (D:9)
  4 trolls (D:10)
  Prince Ribbit (D:5)
  3 blink frogs (Lair:2)
  A shadow (D:10)
  A shapeshifter (Lair:1)
  A wraith (D:10)
  2 wyverns (D:10)
  9 yaks
  Grum (D:10)
  A basilisk (Lair:1)
  3 steam dragons
  7 water moccasins
  A black bear (D:5)
  2 sky beasts (D:7)
  2 orc warriors
  5 ogres (D:10)
  12 wolves
  3 phantoms
  2 kobold brigands
  8 bullfrogs
  2 gnoll sergeants (D:8)
  3 scorpions
  2 wyvern zombies (D:8)
  15 wights
  28 killer bees
  An electric eel (D:10)
  4 jellies
  5 crimson imps
  A centaur zombie (D:8)
  A gnoll shaman (D:8)
  10 hounds
  3 orc priests
  Crazy Yiuf (D:2)
  2 iguanas
  Ijyb (D:2)
  12 orc wizards
  3 killer bee zombies (D:8)
  3 howler monkey zombies (D:8)
  11 gnolls
  13 adders
  A shadow imp (D:6)
  3 white imps
  A worm (D:2)
  3 dart slugs
  32 orcs
  8 ball pythons
  3 bats
  9 endoplasms
  5 giant cockroaches
  12 goblins
  7 hobgoblins
  2 quokkas
  6 frilled lizards
  9 kobolds
  4 rats
324 creatures vanquished.

Vanquished Creatures (collateral kills)
  A wyvern (D:8)
  A white imp (D:5)
  A rat (D:2)
3 creatures vanquished.

Vanquished Creatures (others)
  A yak (D:6)
  3 fungi
  7 plants
11 creatures vanquished.

Grand Total: 338 creatures vanquished

Table legend:
 A = Non-vault XP
 B = Vault XP
 C = Vault XP percentage of total XP
 D = Non-vault monster count
 E = Vault monster count
 F = Vault count percentage of total count
                 A         B        C        D         E       F
            +---------+---------+-------+---------+---------+-------
      Total |   17471 |   18041 |  50.8 |     217 |     111 |  33.8
            +---------+---------+-------+---------+---------+-------
        D:1 |      29 |       0 |   0.0 |      18 |       0 |   0.0
        D:2 |      97 |      88 |  47.6 |      20 |       8 |  28.6
        D:3 |     145 |     194 |  57.2 |      20 |       4 |  16.7
        D:4 |     396 |      57 |  12.6 |      21 |       6 |  22.2
        D:5 |     302 |     447 |  59.7 |       7 |      12 |  63.2
        D:6 |    1509 |       0 |   0.0 |      24 |       0 |   0.0
        D:7 |     783 |       0 |   0.0 |      12 |       0 |   0.0
        D:8 |    2450 |    1862 |  43.2 |      32 |      15 |  31.9
        D:9 |    2400 |       0 |   0.0 |      23 |       0 |   0.0
       D:10 |    1987 |   10298 |  83.8 |      13 |      34 |  72.3
     Lair:1 |    3077 |    1936 |  38.6 |      11 |      25 |  69.4
     Lair:2 |    4296 |    3159 |  42.4 |      16 |       7 |  30.4
            +---------+---------+-------+---------+---------+-------

Illustrated notes

Table legend:
 A = Kills in this place as a percentage of kills in entire the game.
 B = Kills by you in this place as a percentage of kills by you in the entire game.
 C = Kills by friends in this place as a percentage of kills by friends in the entire game.
 D = Other kills in this place as a percentage of other kills in the entire game.
 E = Experience gained in this place as a percentage of experience gained in the entire game.
 F = Experience gained in this place divided by the number of levels of this place that you have seen.
                   A       B       C       D       E      F
               +-------+-------+-------+-------+-------+----------------------
         Total | 100.0 | 100.0 | 100.0 | 100.0 | 100.0 | 2731.7
       Dungeon |  82.0 |  81.8 | 100.0 | 100.0 |  64.9 | 2304.4
          Lair |  18.0 |  18.2 |   0.0 |   0.0 |  35.1 | 4156.0
               +-------+-------+-------+-------+-------+----------------------

Table legend: (Time is in decaauts)
 A = Elapsed time spent in this place.
 B = Non-inter-level travel time spent in this place.
 C = Inter-level travel time spent in this place.
 D = Time resting spent in this place.
 E = Time spent auto-exploring this place.
 F = Levels seen in this place.
 G = Mean time per level.
                   A        B        C        D        E       F      G
               +--------+--------+--------+--------+--------+-----+--------+
         Total |  16780 |  16410 |    370 |   5422 |   8850 |  13 | 1290.8 |
       Dungeon |  14504 |  14167 |    337 |   5027 |   7266 |  10 | 1450.4 |
          Lair |   2275 |   2243 |     32 |    395 |   1584 |   3 |  758.3 |
               +--------+--------+--------+--------+--------+-----+--------+

Top non-repeatable levels by time:
    D:10: 2509 daAuts
     D:8: 1944 daAuts
     D:6: 1933 daAuts
     D:2: 1591 daAuts
  Lair:1: 1532 daAuts
     D:5: 1504 daAuts
     D:7: 1201 daAuts
     D:4: 1069 daAuts
     D:1: 992 daAuts
     D:3: 961 daAuts
     D:9: 796 daAuts
  Lair:2: 612 daAuts
  Lair:3: 131 daAuts
